 Dungeon Crawl Stone Soup version 0.16-a0-4133-g472b14a (webtiles) character file.

340 Ololoev the Charmwright (level 6, -10/30 HPs)
             Began as a Spriggan Skald on Mar 3, 2015.
             Was an Initiate of Gozag.
             Mangled by a goliath beetle (24 damage)
             ... on level 4 of the Dungeon.
             The game lasted 00:14:19 (4285 turns).

Ololoev the Charmwright (Spriggan Skald)            Turns: 4285, Time: 00:14:19

Health: -10/30     AC:  3    Str:  8    XL:     6   Next: 30%
Magic:  14/21      EV: 16    Int: 15    God:    Gozag
Gold:   360        SH:  0    Dex: 16    Spells: 4 memorised, 7 levels left

rFire  . . .     SeeInvis +     a - +0 short sword
rCold  . . .     Clarity  .     b - +0 robe
rNeg   . . .     SustAb   .     (shield restricted)
rPois  .         Gourm    .     (helmet restricted)
rElec  .         Spirit   .     k - +0 cloak
rCorr  .         Warding  .     (gloves unavailable)
rMut   .         Stasis   .     (boots unavailable)
MR     +....                    (no amulet)
Stlth  +.........               (no ring)
                                (no ring)

@: singing, regenerating (expiring), very quick, somewhat resistant to hostile
enchantments, very unstealthy
A: unfitting armour, see invisible, herbivore 3, speed 3, slow metabolism 2
a: Potion Petition, Call Merchant, Bribe Branch, Renounce Religion, Stop Singing


You were on level 4 of the Dungeon.
You worshipped Gozag.
Gozag was noncommittal.
You were full.

You visited 1 branch of the dungeon, and saw 4 of its levels.

You collected 429 gold pieces.
You paid 69 gold pieces to Gozag.

Notes
Turn   | Place    | Note
--------------------------------------------------------------
     0 | D:1      | Ololoev, the Spriggan Skald, began the quest for the Orb.
     0 | D:1      | Reached XP level 1. HP: 10/10 MP: 4/4
   254 | D:1      | Reached XP level 2. HP: 14/14 MP: 4/8
   272 | D:1      | Learned a level 2 spell: Song of Slaying
   915 | D:2      | Reached XP level 3. HP: 14/18 MP: 8/11
   920 | D:2      | Found a stormy altar of Qazlal.
  1402 | D:2      | Reached skill level 5 in Charms
  1629 | D:2      | Found a glowing silver altar of Zin.
  1629 | D:2      | Found an opulent altar of Gozag.
  1645 | D:2      | Became a worshipper of Gozag Ym Sagoz the Greedy
  1761 | D:3      | Learned a level 2 spell: Shroud of Golubria
  1765 | D:3      | Learned a level 3 spell: Regeneration
  1800 | D:3      | Reached XP level 4. HP: 9/22 MP: 3/15
  3161 | D:4      | Reached XP level 5. HP: 20/25 MP: 9/18
  3369 | D:4      | Reached skill level 5 in Spellcasting
  3369 | D:4      | Reached skill level 6 in Charms
  3559 | D:4      | Reached XP level 6. HP: 22/30 MP: 5/21
  3809 | D:4      | Reached skill level 5 in Short Blades
  3903 | D:4      | Noticed Eustachio
  4285 | D:4      | Mangled by a goliath beetle

Inventory:

Hand weapons
 a - a +0 short sword (weapon)
Armour
 b - a +0 robe (worn)
 k - a +0 cloak (worn)
Jewellery
 s - an uncursed ring of fire
Scrolls
 e - 5 scrolls of identify {unknown}
 f - 4 scrolls of magic mapping {unknown}
 h - 2 scrolls of amnesia {unknown}
 j - a scroll of fear {unknown}
 l - 2 scrolls of noise {unknown}
 n - a scroll of blinking {unknown}
 r - a scroll of recharging {unknown}
Potions
 g - 2 potions of restore abilities
 i - a potion of ambrosia {unknown}
 m - a potion of agility
 p - a potion of haste {unknown}
 q - a potion of heal wounds {unknown}
Books
 c - a book of Battle

   Spells                             Type                      Level
   a - Infusion                       Charms                       1
   b - Shroud of Golubria             Charms/Translocation         2
   c - Song of Slaying                Charms                       2
   d - Spectral Weapon                Hexes/Charms                 3
   e - Regeneration                   Charms/Necromancy            3
Comestibles
 d - a bread ration

Table legend:
 A = Turns spent in this place as a percentage of turns spent in the entire game.
 B = Non-inter-level travel turns spent in this place as a percentage of non-inter-level travel turns spent in the entire game.
 C = Inter-level travel turns spent in this place as a percentage of turns spent in this place.
 D = Turns resting spent in this place as a percentage of non-inter-level travel turns spent in this place.
 E = Turns spent auto-exploring this place as a percentage of non-inter-level travel turns spent in this place.
 F = Non-inter-level travel turns spent in this place divided by the number of levels of this place that you've seen.
                   A       B       C       D       E      F
               +-------+-------+-------+-------+-------+----------------------
         Total | 100.0 | 100.0 |   0.4 |   7.8 |   7.3 | 279.0
       Dungeon | 100.0 | 100.0 |   0.4 |   7.8 |   7.3 | 279.0
               +-------+-------+-------+-------+-------+----------------------


   Skills:
 - Level 1.5 Fighting
 * Level 5.0 Short Blades
 - Level 0.6 Armour
 - Level 1.5 Dodging
 + Level 5.2 Spellcasting
 + Level 6.2 Charms


You had 7 spell levels left.
You knew the following spells:

 Your Spells              Type           Power        Failure   Level  Hunger
a - Infusion              Chrm           ###...       1%          1    None
b - Song of Slaying       Chrm           ###.....     1%          2    ##.....
c - Shroud of Golubria    Chrm/Tloc      ##........   10%         2    ##.....
d - Regeneration          Chrm/Necr      ##........   17%         3    ###....


Dungeon Overview and Level Annotations

Branches:
Dungeon (4/15)
 Temple: D:4-7

Altars:
Gozag
Qazlal
Zin

Annotations:
D:4 Eustachio


Innate Abilities, Weirdness & Mutations

You are tiny and cannot use many weapons and most armour.
You have supernaturally acute eyesight.
You are a herbivore.
You cover ground extremely quickly.
You need consume almost no food.


Message History

The goliath beetle is lightly wounded.
The goliath beetle barely misses you.
You hit the goliath beetle.
The goliath beetle is moderately wounded.
You hit the goliath beetle.
The goliath beetle is moderately wounded.
You hit the goliath beetle but do no damage.
The goliath beetle is moderately wounded.
The goliath beetle closely misses you.
You hit the goliath beetle.
The goliath beetle is moderately wounded.
You hit the goliath beetle.
The goliath beetle is heavily wounded.
The goliath beetle bites you.
Your shroud falls apart!
You hit the goliath beetle.
The goliath beetle is heavily wounded.
You are no longer magically infusing your attacks.
You barely miss the goliath beetle.
The goliath beetle is heavily wounded.
The goliath beetle closely misses you.
You hit the goliath beetle but do no damage.
The goliath beetle is heavily wounded.
Casting: Shroud of Golubria
Confirm with . or Enter, or press ? or * to list all spells.
Your skin crawls.
You hit the goliath beetle but do no damage.
The goliath beetle is heavily wounded.
You barely miss the goliath beetle.
The goliath beetle is heavily wounded.
Your skin is crawling a little less now.
The goliath beetle bites you!
You hit the goliath beetle but do no damage.
The goliath beetle is heavily wounded.
You hit the goliath beetle but do no damage.
The goliath beetle is heavily wounded.
The goliath beetle bites you!!
Ouch! That really hurt!
You die...
Your body crumbles into a pile of gold.

##################### #########
...........+....'...# #........
.##..##.##.##+###(.#######.##...#
###..##.##.##.###..##...##.##...#
.....##.##....oB.[.'....##.##...)
####.##.......##@..##...##'##...#
####'##.......##..(##...'..####'#
...#.#.............##...##......#
(..'.'o.##.##.##...####+##.......
####o##.##.##.##...##............
####o##.#.....#............##...#
r.......#....<#............##.).#
(..o....#.....'.............'....
o##..##.'...B.##...##......##...#


You could see a goliath beetle and an orc.

Table legend:
 A = Kills in this place as a percentage of kills in entire the game.
 B = Kills by you in this place as a percentage of kills by you in the entire game.
 C = Kills by friends in this place as a percentage of kills by friends in the entire game.
 D = Other kills in this place as a percentage of other kills in the entire game.
 E = Experience gained in this place as a percentage of experience gained in the entire game.
 F = Experience gained in this place divided by the number of levels of this place that you have seen.
                   A       B       C       D       E      F
               +-------+-------+-------+-------+-------+----------------------
         Total | 100.0 | 100.0 |  -nan |  -nan | 100.0 | 121.8
       Dungeon | 100.0 | 100.0 |  -nan |  -nan | 100.0 | 121.8
               +-------+-------+-------+-------+-------+----------------------

Vanquished Creatures
  A water moccasin skeleton (D:4)
  A scorpion (D:4)
  An orc wizard (D:3)
  A worker ant (D:4)
  2 hounds (D:4)
  3 adders
  A giant mite (D:4)
  3 worms
  7 orcs
  A ball python (D:1)
  5 bats
  4 giant cockroaches
  7 goblins
  12 hobgoblins
  4 jackals
  5 kobolds
  A quokka (D:4)
  4 giant geckos
  2 giant newts
  8 rats
73 creatures vanquished.

Action                   |  1- 3 |  4- 6 || total
-------------------------+-------+-------++-------
Melee: Short sword       |   104 |   211 ||   315
 Cast: Infusion          |    10 |    10 ||    20
       Song of Slaying   |     1 |     5 ||     6
       Regeneration      |     1 |     6 ||     7
       Shroud of Golubri |       |     7 ||     7
  Use: Potion            |       |     3 ||     3
 Stab: Sleeping          |     3 |     1 ||     4
       Distracted        |       |     1 ||     1
  Eat: Pizza             |       |     1 ||     1
       Bread ration      |       |     1 ||     1

Vault maps used:
D:1:      dpeg_arrival_windows_large_door, minmay_misc_feat_diagonals
D:2:      grunt_temple_overflow_gold_and_silver,
          nicolae_qazlal_general_emergency
D:4:      first_bread, uniq_eustachio
